 Dungeon Crawl Stone Soup version 0.30.1-9-gdf580d7c3d (webtiles) character file.

Game seed: 11022920873898343940

70 Ijustatesigmund the Digger (level 4, -4/26 HPs)
             Began as a Gargoyle Earth Elementalist on Oct 11, 2023.
             Killed from afar by an orc wizard (6 damage)
             ... with a magic dart
             ... on level 3 of the Dungeon.
             The game lasted 00:03:26 (2110 turns).

Ijustatesigmund the Digger (GrEE)                   Turns: 2110, Time: 00:03:28

Health: -4/26      AC:  5    Str:  9 (11) XL:     4   Next: 22%
Magic:  0/8        EV: 11    Int: 15 (18) God:
Gold:   59         SH:  0    Dex:  8 (10) Spells: 4/8 levels left

rFire   + . .        f - +0 mace
rCold   + . .        (no shield)
rNeg    + . .        a - +0 robe
rPois   ∞            (no helmet)
rElec   +            (no cloak)
rCorr   +            (no gloves)
SInv    .            (no boots)
Will    .....        (no amulet)
Stlth   ++           (no ring)
HPRegen 0.24/turn    (no ring)
MPRegen 0.11/turn

%: no passive effects
@: resistant
A: sickness immunity, AC +3, negative energy resistance 1, electricity
resistance, torment resistance 1, petrification resistance
a: no special abilities


You were on level 3 of the Dungeon.
You visited 1 branch of the dungeon, and saw 3 of its levels.

You collected 87 gold pieces.
You spent 28 gold pieces at shops.

Inventory:

Hand Weapons
 f - a +0 mace (weapon)
Armour
 a - a +0 robe (worn)
Scrolls
 c - a scroll of immolation {unknown}
 d - a scroll of poison {unknown}
 e - 3 scrolls of teleportation {unknown}
 g - a scroll of fog {unknown}
 j - a scroll of torment {unknown}
 k - a scroll of identify
 m - a scroll of silence {unknown}
 n - a scroll of enchant weapon {unknown}
 o - a scroll of amnesia {unknown}
Potions
 b - a potion of magic


   Skills:
 + Level 2.1 Fighting
 - Level 1.5 Dodging
 - Level 2.1 Stealth
 + Level 2.7 Spellcasting
 + Level 1.0 Conjurations
 - Level 0.7 Transmutations
 + Level 4.4 Earth Magic


You had 4 spell levels left.
You knew the following spells:

 Your Spells              Type           Power      Damage    Failure   Level
a - Sandblast             Erth           30%        2d9       3%          1
b - Stone Arrow           Conj/Erth      20%        3d8       21%         3

Your spell library contained the following spells:

 Spells                   Type           Power      Damage    Failure   Level
 Passwall                 Tmut/Erth      7%         N/A       11%         2
 Beastly Appendage        Tmut           8%         N/A       16%         1
 Apportation              Tloc           4%         N/A       21%         1
 Wereblood                Tmut           4%         N/A       24%         2
 Spider Form              Tmut/Pois      3%         N/A       47%         3
 Vhi's Electric Charge    Tloc/Air       4%         N/A       52%         3
 Petrify                  Tmut/Erth      9%         N/A       56%         4
 Alistair's Intoxication  Tmut/Pois      2%         N/A       99%         5
 Arcjolt                  Conj/Air       1%         1d11      99%         5
 Plasma Beam              Fire/Air       1%         2x1d12    100%        6


Dungeon Overview and Level Annotations

Branches:
Dungeon (3/15)

Altars:
Xom

Shops:
D:2 *

Annotations:
D:2 1 runed translucent door, Crazy Yiuf


Innate Abilities, Weirdness & Mutations

You are immune to sickness and miasma.
Your stone body is resilient. (AC +3)
You are immune to poison.
You resist negative energy. (rN+)
You are resistant to electric shocks. (rElec)
You are resistant to unholy torment.
You are immune to petrification.


Message History

You barely miss the orc wizard.
The orc wizard is moderately wounded.
The orc wizard casts a spell at you. The puff of flame hits you!
* * * LOW HITPOINT WARNING * * *
Your magical contamination has completely faded away.
You barely miss the orc wizard.
The orc wizard is moderately wounded.
The orc wizard barely misses you.
It was a potion of degeneration.
There was something very wrong with that liquid.
You feel weakened.
You feel dopey.
You feel clumsy. The orc wizard closely misses you.
It was a potion of curing.
You feel better.
The orc wizard hits you with a +0 dagger.
It was a potion of resistance.
You feel protected. The orc wizard casts a spell at you.
You resist with some effort.
Casting: Sandblast (safe; 3% risk of failure)
Confirm with . or Enter, or press ? or * to list all spells.
Aiming: Sandblast (safe; 3% risk of failure)
Press: ? - help, Shift-Dir - straight line, f/p - orc
Aim: an orc, wielding a +0 dagger and wearing a +0 chain mail (87% to hit)
The blast of sand hits the orc wizard!
The orc wizard is almost dead.
The orc wizard hits you but does no damage.
The orc wizard gestures at you while chanting.
The magic dart hits you!
* * * LOW HITPOINT WARNING * * *
Casting: Sandblast (safe; 3% risk of failure)
Confirm with . or Enter, or press ? or * to list all spells.
Aiming: Sandblast (safe; 3% risk of failure)
Press: ? - help, Shift-Dir - straight line, f/p - orc
Aim: an orc, wielding a +0 dagger and wearing a +0 chain mail (87% to hit)
The blast of sand hits the orc wizard but does no damage.
The orc wizard is almost dead.
The orc wizard points at you and mumbles some strange words.
The magic dart hits you.
You die...

######## #......#
#.####.# #.# #.#
#.# #<# #
##.###########....
#....@ooo.......#
#########.......#
#.#......#
..#.####.. .###.#
. #. .# # ##


You could see an orc wizard and 2 orcs.

Vanquished Creatures
  Robin (D:2)
  A dart slug (D:1)
  An orc (D:3)
  7 ball pythons
  5 endoplasms
  A giant cockroach (D:1)
  6 hobgoblins
  A kobold (D:1)
  3 quokkas
  4 bats
  3 frilled lizards (D:1)
  15 goblins
  2 rats (D:1)
50 creatures vanquished.

Notes
Turn   | Place    | Note
-------+----------+-------------------------------------------
     0 | D:1      | Ijustatesigmund the Gargoyle Earth Elementalist began the
                  | quest for the Orb.
     0 | D:1      | Reached XP level 1. HP: 10/10 MP: 3/3
   134 | D:1      | Reached XP level 2. HP: 16/16 MP: 0/5
   330 | D:1      | Reached skill level 1 in Fighting
   381 | D:1      | Reached skill level 4 in Earth Magic
   601 | D:1      | Reached XP level 3. HP: 20/20 MP: 4/6
   668 | D:1      | Learned a level 3 spell: Stone Arrow
  1593 | D:2      | Found a shimmering altar of Xom.
  1614 | D:2      | Found Xiwaah's General Store.
  1620 | D:2      | Bought a scroll of identify for 28 gold pieces
  1654 | D:2      | Noticed Robin
  1664 | D:2      | Killed Robin
  1666 | D:2      | Reached XP level 4. HP: 23/26 MP: 2/8
  1703 | D:2      | Reached skill level 1 in Conjurations
  1900 | D:2      | Found a faded altar of an unknown god.
  2029 | D:2      | Found a runed translucent door.
  2030 | D:2      | Noticed Crazy Yiuf
  2104 | D:3      | HP: 1/26 [orc wizard/puff of flame (7)]
  2110 | D:3      | Killed from afar by an orc wizard

Illustrated notes

Levels and vault maps discovered:
D:1:      dpeg_arrival_round_c, layout_basic, minmay_pentomino_s4
D:2:      layout_loops_cross, serial_shops, nicolae_shop_tiny_statue_garden,
          hellmonk_ecumenical_altar_crossroads, basic_altar, uniq_robin,
          uniq_crazy_yiuf_cottage
D:3:      layout_basic, marbit_many_paths, mainiacjoe_overflow_tiny_flanked,
          nicolae_overflow_hidden_temple, gammafunk_ghost_icy

Skill      XL: |  1  2  3  4 |
---------------+-------------+-----
Fighting       | 1 2 |  2.1
Earth Magic    | 4 |  4.4
Conjurations   | 1 |  1.0
Dodging        | |  1.5
Stealth        | |  2.1
Spellcasting   | |  2.7
Transmutations | |  0.7

Action                     |  1- 3 |  4- 6 || total
---------------------------+-------+-------++-------
  Melee: Unarmed           |     3 |       ||     3
         Mace              |     2 |    17 ||    19
   Cast: Sandblast         |    48 |    19 ||    67
    Use: Potion            |       |     3 ||     3
 Armour: Robe              |     6 |    14 ||    20
  Dodge: Dodged            |     5 |     7 ||    12
